 Dungeon Crawl Stone Soup version 0.14.1 (webtiles) character file.

395 Heini the Chopper (level 5, -1/48 HPs)
             Began as a Hill Orc Fighter on Apr 29, 2014.
             Killed from afar by Grinder (7 damage)
             ... with a wand of flame
             ... on Level 4 of the Dungeon.
             The game lasted 00:08:18 (2999 turns).

Heini the Chopper (Hill Orc Fighter)                Turns: 2999, Time: 00:08:18

HP  -1/48        AC 12     Str 23      XL: 5   Next: 98%
MP   5/5         EV 15     Int  8      God:
Gold 174         SH 20     Dex 15      Spells:  0 memorised,  4 levels left

rFire  . . .     SeeInvis .     a - +0 war axe
rCold  . . .     Clarity  .     u - +0 chain mail
rNeg   . . .     Conserve .     c - +0 shield
rPois  .         rCorr    .     (no helmet)
rElec  .         rRot     .     (no cloak)
SustAb . .       Spirit   .     l - +0 pair of gloves
rMut   .         Warding  .     e - +0 pair of boots
Saprov + . .     Stasis   .     (no amulet)
MR     .....                    q - +3 ring of strength
                                k - +5 ring of evasion

@: agile, not resistant to hostile enchantments, extremely unstealthy
A: claws 1, carnivore 1, saprovore 1
a: no special abilities


You were on level 4 of the Dungeon.
You were not hungry.

You visited 1 branch of the dungeon, and saw 4 of its levels.

You collected 174 gold pieces.

Inventory:

Hand weapons
 a - a +0,+0 war axe (weapon)
Armour
 b - a +1 scale mail
 c - a +0 shield (worn)
 e - a +0 pair of boots (worn)
 l - a +0 pair of gloves (worn)
 u - a +0 chain mail (worn)
Magical devices
 t - a wand of flame (12) {unknown}
Comestibles
 d - 3 meat rations
 f - 3 chokos
 i - 4 bread rations
Scrolls
 g - a scroll of identify
 h - 2 scrolls of enchant armour
 j - a scroll of enchant weapon I {unknown}
 o - 6 scrolls of teleportation
 v - a scroll of immolation {unknown}
Jewellery
 k - a +5 ring of evasion (left hand)
 m - an uncursed amulet of faith
 p - an uncursed amulet of faith
 q - a +3 ring of strength (right hand)
 r - an uncursed amulet of stasis
Potions
 n - a potion of curing


   Skills:
 * Level 5.0 Fighting
 * Level 5.2 Axes
 * Level 4.9 Armour
 - Level 3.2 Shields


You had 4 spell levels left.
You didn't know any spells.

Dungeon Overview and Level Annotations

Branches:
Dungeon (4/15)
 Temple: D:4-7

Altars:
Kikubaaqudgha
Yredelemnul

Annotations:
D:4 Blork the orc, Grinder


Innate Abilities, Weirdness & Mutations

You can tolerate rotten meat.
You have sharp fingernails.
Your digestive system is specialised to digest meat.


Message History

Your transformation is almost over.
A puff of flame appears from out of thin air!
The puff of flame hits you! The fire burns you terribly!
* * * LOW HITPOINT WARNING * * *
There is an open door here.
There is an open door here.
Grinder comes into view.
Grinder shouts!
You warm up again.
Your +0,+0 war axe unmelds from your body.
Your +0 pair of gloves unmelds from your body.
Your +0 pair of boots unmelds from your body.
Your +0 shield unmelds from your body.
Your +0 chain mail unmelds from your body.
Grinder gestures.
Grinder blinks!
Drink which item? (? for menu, Esc to quit)
You feel agile all of a sudden.
It was a potion of agility.
Grinder zaps a wand.
The puff of flame hits you!
You die...

####.### #.........#
#...# #.........# #.###
####.###### #.#
###...##### ###'#####
#..........#
###.......####..........#
..'.......'..'..........#
.##.......####..........#
###.......# #..@.>.....#
#.).....# #.........5#
#....<..# #.......ยง..
#####'### #..........
#<..# ##+######## #.###
#####'### #.......#
#.......#


You could see Grinder.

Vanquished Creatures
  A phantom (D:3)
  Terence (D:2)
  4 adders
  2 worms (D:2)
  An inept feature mimic (D:2)
  2 giant eyeballs (D:4)
  An ooze (D:3)
  An orc (D:3)
  4 bats
  2 giant cockroaches
  11 goblins
  7 hobgoblins
  3 jackals (D:2)
  4 kobolds
  2 quokkas (D:2)
  3 giant geckos
  4 giant newts
  5 rats
  A rat skeleton (D:4)
59 creatures vanquished.

Notes
Turn   | Place    | Note
--------------------------------------------------------------
     0 | D:1      | Heini, the Hill Orc Fighter, began the quest for the Orb.
     0 | D:1      | Reached XP level 1. HP: 19/19 MP: 1/1
   112 | D:1      | Reached skill level 4 in Fighting
   112 | D:1      | Reached XP level 2. HP: 25/27 MP: 2/2
   159 | D:1      | Gained mutation: You have sharp fingernails. [potion of beneficial mutation]
   558 | D:2      | Reached XP level 3. HP: 29/33 MP: 3/3
   707 | D:2      | Gained mutation: Your digestive system is specialised to digest meat. [potion of beneficial mutation]
   992 | D:2      | Noticed Terence
  1010 | D:2      | Killed Terence
  1010 | D:2      | Reached XP level 4. HP: 33/41 MP: 4/4
  1378 | D:2      | Found an ancient bone altar of Kikubaaqudgha.
  1378 | D:2      | Found a basalt altar of Yredelemnul.
  1838 | D:3      | Noticed a phantom
  1875 | D:3      | Killed a phantom
  1875 | D:3      | Reached skill level 5 in Fighting
  1875 | D:3      | Reached skill level 5 in Axes
  1875 | D:3      | Reached XP level 5. HP: 25/48 MP: 5/5
  2858 | D:4      | Paralysed by a giant eyeball for 4 turns
  2870 | D:4      | Paralysed by a giant eyeball for 2 turns
  2938 | D:4      | Noticed Blork the orc
  2997 | D:4      | Noticed Grinder
  2999 | D:4      | Killed from afar by Grinder

Action                   |  1- 3 |  4- 6 || total
-------------------------+-------+-------++-------
Melee: War axe           |    70 |   137 ||   207
       Unarmed           |       |     1 ||     1
  Use: Scroll            |     5 |     4 ||     9
       Potion            |     3 |     2 ||     5
